Cogmind - Beta 14 @@@ ROGUE MODE // 2024.10.03 @ 10:23:20 Player: TheDoorMatt Result: Destroyed by H-77 Assassin with High-powered Shotgun Performance ------------- Evolutions (6) 3000 Regions Visited (8) 1600 Robots Destroyed (19) 95 Value Destroyed (573) 573 Prototype IDs (1) 20 Alien Tech Used (0) 0 Bonus (500) 500 TOTAL SCORE: 5788 Bonus ------- Entered DSFs 500 Cogmind --------- Core Integrity 0/1150 Matter 93/300 Energy 97/100 System Corruption 0% Temperature Cool (0) Movement Core (100) Ox1 Location -4/Factory Parts ------- > --- POWER (2) -------- (None) > --- PROPULSION (7) --- (None) > --- UTILITY (7) ------ (None) > --- WEAPON (3) ------- Force Lance > --- INVENTORY (5) ---- (None) Peak State ------------ > --- POWER ------------ (None) > --- PROPULSION ------- Improved Carbon-fiber Leg Improved Carbon-fiber Leg Improved Carbon-fiber Leg Improved Carbon-fiber Leg Improved Carbon-fiber Leg Armored Wheel VTOL Module > --- UTILITY ---------- EM Disruption Field Hacking Suite > --- WEAPON ----------- Scythe > --- INVENTORY -------- Improved Carbon-fiber Leg VTOL Module Improved Medium Armor Plating Improved Medium Armor Plating Remote Datajack [Rating: 36] Favorites ----------- Power Ion Engine Engine Ion Engine Power Core Nuclear Core Propulsion Aluminum Leg Treads Light Treads Leg Aluminum Leg Wheel Compact Wheel Flight Unit Xenon Bombardment Thruster Utility Small Storage Unit Device Improved Terrain Scanner Storage Small Storage Unit Processor Machine Analyzer Hackware Hacking Suite Protection Core Shielding Weapon Assault Rifle Energy Gun Improved EM Shotgun Ballistic Gun Assault Rifle Ballistic Cannon Assault Cannon Launcher Mini Grenade Launcher Special Weapon Mining Laser Slashing Weapon Makeshift Sword Piercing Weapon Force Lance Build | -11 -10 -10 -8 -7 -6 -5 -5 -4 ------- Run | Yrd Mat Sub Mat Fac Fac Fac DSF Fac Slots Evolved 12 | . . . 4 2 2 2 . 2 Power 1 | . . . 1 . . . . . Propulsion 5 | . . . 1 2 1 1 . . Utility 5 | . . . 2 . 1 1 . 1 Weapon 1 | . . . . . . . . 1 Parts Attached 97 | 10 1 16 19 17 10 5 8 11 Power 14 | 1 . 3 1 5 3 1 . . Engine 6 | 1 . 3 1 . 1 . . . Core 8 | . . . . 5 2 1 . . Reactor . | . . . . . . . . . Propulsion 43 | 2 . 8 7 8 2 2 7 7 Treads 5 | . . . . 4 . . . 1 Leg 16 | 2 . 3 3 . . . 5 3 Wheel 13 | . . 5 1 3 1 1 1 1 Hover . | . . . . . . . . . Flight 9 | . . . 3 1 1 1 1 2 Utility 22 | 3 . 2 8 2 3 2 . 2 Device 8 | 2 . 2 3 . . 1 . . Storage 1 | 1 . . . . . . . . Processor 2 | . . . 2 . . . . . Hackware 2 | . . . . 1 . 1 . . Protection 9 | . . . 3 1 3 . . 2 Artifact . | . . . . . . . . . Weapon 18 | 4 1 3 3 2 2 . 1 2 Energy Gun 1 | . . . 1 . . . . . Energy Cannon . | . . . . . . . . . Ballistic Gun 7 | 3 . 3 . . 1 . . . Ballistic Cannon 2 | . . . . 1 1 . . . Launcher 3 | 1 . . 1 1 . . . . Special Weapon 2 | . 1 . . . . . . 1 Impact Weapon . | . . . . . . . . . Slashing Weapon 2 | . . . 1 . . . 1 . Piercing Weapon 1 | . . . . . . . . 1 Special Melee Weapon . | . . . . . . . . . Unidentified Prototypes 1 | . . . 1 . . . . . Parts Lost 55 | . . 2 14 6 9 . 4 20 Power 7 | . . 1 2 . 3 . 1 . Propulsion 27 | . . 1 5 2 3 . 2 14 Utility 13 | . . . 4 3 1 . 1 4 Weapon 8 | . . . 3 1 2 . . 2 Highest Loss Streak 11 | . . 2 6 4 7 . 4 11 To Critical Strikes 2 | . . . . . 1 . . 1 Average Slot Usage (%) 71 | . 100 96 69 75 31 32 37 32 Engine 6 | . 14 10 6 . . . . . Core 2 | . . . . 12 6 4 2 . Treads 1 | . . . . 14 1 . . 1 Leg 12 | . 28 14 16 . . . 9 13 Wheel 7 | . . 13 5 9 7 . 2 3 Flight 1 | . . . 1 . . 10 7 3 Device 8 | . 14 14 10 . . 4 5 1 Storage 6 | . 14 14 4 . . . . . Processor 2 | . . . 9 11 . . . . Hackware 1 | . . . . 4 . 3 5 2 Protection 2 | . . . 2 7 5 5 2 1 Ballistic Gun 13 | . 27 26 7 . 3 . . . Launcher 1 | . . . 1 7 1 . . . Peak Build Rating 36 | 11 10 16 20 26 17 25 36 36 Average Rating 10 | 8 9 12 16 20 12 22 24 24 On Entrance 13 | . 10 9 15 6 12 8 25 36 Naked Turns . | . . . . . . . . . Heaviest Build 23 | 15 15 18 20 21 23 12 12 16 Greatest Support 72 | 20 20 40 30 32 28 12 72 25 Greatest Overweight (x) 2 | 2 . . 1 1 1 . . 1 Average Overweight (x) . | . . . . . . . . . Largest Inventory Capacity 8 | 8 8 8 8 5 5 5 5 5 Average Capacity 7 | 7 8 8 6 5 5 5 5 5 Most Carried 8 | 8 8 8 7 4 5 5 5 5 Average Carried 7 | 7 7 7 4 3 1 4 4 3 Final Capacity 8 | 8 8 8 5 5 5 5 5 5 Final Carried 8 | 8 8 8 5 4 5 5 5 . Class Distribution -------------------- 91% | Mutant 8% | Scavenger-Mutant Dominant Class ---------------- Mutant | -10/Materials Scavenger-Mutant | -10/Subcaves Mutant | -8/Materials Mutant | -7/Factory Mutant | -6/Factory Mutant | -5/Factory Mutant | -5/DSF Mutant | -4/Factory Resources | -11 -10 -10 -8 -7 -6 -5 -5 -4 ----------- Run | Yrd Mat Sub Mat Fac Fac Fac DSF Fac Matter Collected 1138 | 432 18 257 183 10 69 . 140 29 Remotely . | . . . . . . . . . Salvage Created 737 | 217 67 111 110 . 57 . 52 123 Parts 40 | 7 6 4 8 . 3 . 6 6 Haulers Intercepted . | . . . . . . . . . Recyclers Shooed . | . . . . . . . . . Parts Field Recycled . | . . . . . . . . . Retrieved Matter . | . . . . . . . . . Parts Self-Destructed 8 | . . 8 . . . . . . Prevented . | . . . . . . . . . Kills | -11 -10 -10 -8 -7 -6 -5 -5 -4 ------- Run | Yrd Mat Sub Mat Fac Fac Fac DSF Fac Combat Hostiles Destroyed 18 | 4 1 3 4 . 1 . 2 3 Melee 7 | . . . 2 . . . 2 3 Guns 8 | 4 1 3 . . . . . . Cannons 1 | . . . . . 1 . . . AOE 2 | . . . 2 . . . . . Classes Destroyed 10 | 4 2 1 1 . 1 . . 1 Worker 1 | . . . . . 1 . . . Tunneler 1 | 1 . . . . . . . . Recycler 1 | 1 . . . . . . . . Watcher 1 | . 1 . . . . . . . Swarmer 6 | . . . 2 . . . 2 2 Grunt 4 | . 1 . 2 . 1 . . . Sentry 1 | . . . . . . . . 1 Demolisher 1 | 1 . . . . . . . . Subdweller 3 | . . 3 . . . . . . Assembled 3 | 3 . . . . . . . . Best Kill Streak 3 | 3 2 1 2 . 1 . 2 2 Combat Bots Only 3 | 3 1 1 2 . 1 . 2 2 Max Kills in Single Turn 2 | 1 1 1 2 . 1 . 1 1 Gunslinging . | . . . . . . . . . Exploded 2 | . . . 2 . . . . . Melee 1 | . . . 1 . . . 1 1 Uniques/NPCs Destroyed . | . . . . . . . . . Combat | -11 -10 -10 -8 -7 -6 -5 -5 -4 -------- Run | Yrd Mat Sub Mat Fac Fac Fac DSF Fac Hostile Shots Fired 737 | 12 2 25 104 63 123 . 62 346 Missed 272 | 7 . 7 36 17 52 . 16 137 Damage Taken 7459 | 100 21 493 1296 753 999 . 696 3101 Core 2173 | 42 . 129 340 60 170 . 281 1151 Absorbed by Shields 116 | . . . . . . . 116 . Redirected to Shielding 149 | . . . 120 13 16 . . . Ignored by Resistances 104 | . . . . . 12 . 92 . Core Remaining (%) 65 | 83 . 31 38 91 80 . 71 . Volleys Fired 84 | 20 8 18 13 14 10 . . 1 Largest 2 | 2 2 2 2 1 2 . . 1 Hottest 100 | 40 100 55 55 44 74 . . 5 Shots Fired 131 | 37 12 32 20 14 15 . . 1 Gun 98 | 34 8 32 19 . 5 . . . Cannon 24 | . . . . 14 10 . . . Launcher 4 | 3 . . 1 . . . . . Special 5 | . 4 . . . . . . 1 Kinetic 122 | 34 8 32 19 14 15 . . . Thermal 4 | . 4 . . . . . . . Explosive 4 | 3 . . 1 . . . . . Electromagnetic . | . . . . . . . . . Robot Hit Streak 8 | 4 4 8 6 4 4 . . 2 Robot Miss Streak 4 | 3 1 2 4 2 3 . . . Penetration Max . | . . . . . . . . . Secondary Targets 1 | . . 1 . . . . . . Max Gunslinging Chain 1 | . . 1 . . . . . . Shots Hit Robots 88 | 16 5 24 14 7 9 . 2 11 Core Hits 41 | 10 4 9 6 1 4 . 2 5 Critical Kills . | . . . . . . . . . Critical Parts Destroyed . | . . . . . . . . . Critical Strikes 1 | . . . . . . . . 1 Impale 1 | . . . . . . . . 1 Melee Attacks 40 | . . . 22 . . . 2 16 Impact . | . . . . . . . . . Slashing 27 | . . . 22 . . . 2 3 Piercing 13 | . . . . . . . . 13 Sneak Attacks . | . . . . . . . . . Combat Hostiles . | . . . . . . . . . Follow-up Attacks . | . . . . . . . . . Damage Inflicted 1816 | 211 55 324 373 161 233 . 64 395 Guns 834 | 211 55 324 197 . 47 . . . Cannons 347 | . . . . 161 186 . . . Explosions 97 | . . . 97 . . . . . Melee 536 | . . . 79 . . . 62 395 Ramming 2 | . . . . . . . 2 . Kinetic 1181 | 211 55 324 197 161 233 . . . Thermal . | . . . . . . . . . Explosive 97 | . . . 97 . . . . . Electromagnetic . | . . . . . . . . . Impact . | . . . . . . . . . Slashing 209 | . . . 79 . . . 62 68 Piercing 327 | . . . . . . . . 327 Highest Corruption 18 | . . . 6 18 1 . 2 . Average Corruption 7 | . . . 6 15 1 . 1 . Corruption Purged . | . . . . . . . . . Corruption Blocked . | . . . . . . . . . Effects 12 | . . . 5 4 2 . 1 . Message Errors 2 | . . . 1 . 1 . . . Matter Fused 5 | . . . . 3 1 . 1 . Heat Flow Errors 1 | . . . 1 . . . . . Energy Discharges 1 | . . . . 1 . . . . Parts Rejected 1 | . . . 1 . . . . . Data Loss (major) 1 | . . . 1 . . . . . Alerts 1 | . . . 1 . . . . . Overload Shots . | . . . . . . . . . Overflow Damage 20 | . . . 20 . . . . . Projectiles . | . . . . . . . . . Explosions . | . . . . . . . . . Melee 20 | . . . 20 . . . . . Knockbacks 4 | . . . . 1 3 . . . Impact . | . . . . . . . . . Kinetic 4 | . . . . 1 3 . . . Secondary . | . . . . . . . . . Self-Inflicted Damage 30 | 15 . . 15 . . . . . Shots 2 | 1 . . 1 . . . . . Rammed . | . . . . . . . . . Targets Rammed 1 | . . . . . . . 1 . Kicked 1 | . . . . . . . 1 . Crushed . | . . . . . . . . . Highest Temperature 173 | 13 24 . 173 85 59 . . . Average Temperature 23 | 9 11 . 29 30 17 . . . Received Heat Transfer 1107 | 60 12 72 279 198 339 . . 147 Siege Activations . | . . . . . . . . . Robots Corrupted . | . . . . . . . . . Combat Hostiles . | . . . . . . . . . Parts Fried . | . . . . . . . . . Impact Corruptions . | . . . . . . . . . Robots Melted . | . . . . . . . . . Combat Hostiles . | . . . . . . . . . Parts Melted 1 | . . 1 . . . . . . Heat Transferred . | . . . . . . . . . Parts Sabotaged . | . . . . . . . . . Parts Stolen . | . . . . . . . . . Parts Stripped . | . . . . . . . . . Power Chain Reactions . | . . . . . . . . . Alert | -11 -10 -10 -8 -7 -6 -5 -5 -4 ------- Run | Yrd Mat Sub Mat Fac Fac Fac DSF Fac Peak Influence 231 | 20 43 . 126 66 101 49 109 231 Initial 56 | . . . . 47 22 49 34 56 Average 10 | 1 28 . 19 48 38 49 40 132 Maximum Alert Level 1 | . . . . . . . . 1 Low Security (%) 99 | 100 100 . 100 100 100 100 100 82 Level 1 . | . . . . . . . . 17 Level 2 . | . . . . . . . . . Level 3 . | . . . . . . . . . Level 4 . | . . . . . . . . . Level 5 . | . . . . . . . . . High Security . | . . . . . . . . . Max Security . | . . . . . . . . . Squads Dispatched 7 | . . . 2 1 2 . . 2 Investigation 3 | . . . 1 . 2 . . . Extermination 2 | . . . . 1 . . . 1 Reinforcement 2 | . . . 1 . . . . 1 Assault . | . . . . . . . . . Garrison . | . . . . . . . . . Intercept . | . . . . . . . . . Searches Triggered . | . . . . . . . . . Construction Impeded . | . . . . . . . . . Haulers Reinforced . | . . . . . . . . . Active Scanning Responses . | . . . . . . . . . Cargo Convoy Interrupts . | . . . . . . . . . Stealth | -11 -10 -10 -8 -7 -6 -5 -5 -4 --------- Run | Yrd Mat Sub Mat Fac Fac Fac DSF Fac Distress Signals 3 | . 1 . . 2 . . . . Communications Jammed . | . . . . . . . . . Distress Signals . | . . . . . . . . . Times Spotted 96 | 4 2 15 17 8 8 . 11 31 Peak Tracking Total 10 | 3 2 7 10 8 3 . 7 10 Tactical Retreats 16 | . . . 2 1 4 . 2 7 Traps | -11 -10 -10 -8 -7 -6 -5 -5 -4 ------- Run | Yrd Mat Sub Mat Fac Fac Fac DSF Fac Traps Triggered 6 | . . . . . 1 . 5 . Indirectly . | . . . . . . . . . Trap Hack Attempts . | . . . . . . . . . Triggered . | . . . . . . . . . Disarmed . | . . . . . . . . . Reprogrammed . | . . . . . . . . . Reused . | . . . . . . . . . Traps Extracted . | . . . . . . . . . Installed . | . . . . . . . . . Triggered . | . . . . . . . . . Machines | -11 -10 -10 -8 -7 -6 -5 -5 -4 ---------- Run | Yrd Mat Sub Mat Fac Fac Fac DSF Fac Machines Disabled . | . . . . . . . . . Max in Single Turn . | . . . . . . . . . Machines Repaired . | . . . . . . . . . Machines Dismantled . | . . . . . . . . . Machines Sabotaged . | . . . . . . . . . Overloaded Fab Kills . | . . . . . . . . . Hacking | -11 -10 -10 -8 -7 -6 -5 -5 -4 --------- Run | Yrd Mat Sub Mat Fac Fac Fac DSF Fac Machines Accessed 11 | . 1 . 3 2 4 1 . . Terminals 10 | . 1 . 3 2 3 1 . . Fabricators . | . . . . . . . . . Repair Stations . | . . . . . . . . . Recycling Units 1 | . . . . . 1 . . . Scanalyzers . | . . . . . . . . . Garrison Access . | . . . . . . . . . Total Hacks 20 | . 1 . 6 3 9 1 . . Successful 12 | . 1 . 1 2 7 1 . . Failed 8 | . . . 5 1 2 . . . Catastrophic 2 | . . . 1 . 1 . . . Database Lockouts . | . . . . . . . . . Manual 2 | . . . . . 2 . . . Terminals 16 | . 1 . 6 3 5 1 . . Fabricators . | . . . . . . . . . Repair Stations . | . . . . . . . . . Recycling Units 4 | . . . . . 4 . . . Scanalyzers . | . . . . . . . . . Garrison Access . | . . . . . . . . . Terminal Hacks 8 | . 1 . 1 2 3 1 . . Open DSF 2 | . . . . . 1 1 . . Branch Access Points 1 | . . . 1 . . . . . Recall Investigation 1 | . . . . . 1 . . . Zone Layout 4 | . 1 . . 2 1 . . . Fabricator Hacks . | . . . . . . . . . Repair Station Hacks . | . . . . . . . . . Recycling Unit Hacks 4 | . . . . . 4 . . . Recycle Component 1 | . . . . . 1 . . . Process 1 | . . . . . 1 . . . Retrieve Matter 2 | . . . . . 2 . . . Scanalyzer . | . . . . . . . . . Garrison Access Hacks . | . . . . . . . . . Unauthorized Hacks . | . . . . . . . . . Terminals . | . . . . . . . . . Fabricators . | . . . . . . . . . Repair Stations . | . . . . . . . . . Recycling Units . | . . . . . . . . . Scanalyzers . | . . . . . . . . . Garrison Access . | . . . . . . . . . Data Cores Recovered . | . . . . . . . . . Used . | . . . . . . . . . Hacking Detections 8 | . 1 . 3 1 3 . . . Full Trace Events 3 | . . . 1 . 2 . . . Feedback Events . | . . . . . . . . . Feedback Blocked . | . . . . . . . . . Robot Schematics Acquired . | . . . . . . . . . Robots Built . | . . . . . . . . . Authchips . | . . . . . . . . . Time . | . . . . . . . . . Total Robot Build Rating . | . . . . . . . . . Part Schematics Acquired . | . . . . . . . . . Parts Built . | . . . . . . . . . Authchips . | . . . . . . . . . Time . | . . . . . . . . . Total Part Build Rating . | . . . . . . . . . Parts Repaired . | . . . . . . . . . Time . | . . . . . . . . . Parts Recycled 1 | . . . . . 1 . . . Recycled Matter 36 | . . . . . 36 . . . Retrieved Matter 36 | . . . . . 36 . . . Retrieved Components . | . . . . . . . . . Parts Scanalyzed . | . . . . . . . . . Part Schematics Acquired . | . . . . . . . . . Parts Damaged . | . . . . . . . . . Bothacking | -11 -10 -10 -8 -7 -6 -5 -5 -4 ------------ Run | Yrd Mat Sub Mat Fac Fac Fac DSF Fac Used RIF Installer . | . . . . . . . . . Robots Hacked . | . . . . . . . . . Non-combat . | . . . . . . . . . Combat . | . . . . . . . . . Robot Hacks Applied . | . . . . . . . . . Relay Couplers Released . | . . . . . . . . . Fabnet Peak Effective % . | . . . . . . . . . Robots Rewired . | . . . . . . . . . Allies Hacked . | . . . . . . . . . Hacks Repelled . | . . . . . . . . . Allies | -11 -10 -10 -8 -7 -6 -5 -5 -4 -------- Run | Yrd Mat Sub Mat Fac Fac Fac DSF Fac Total Allies . | . . . . . . . . . Largest Group . | . . . . . . . . . Highest-Rated Group . | . . . . . . . . . Highest-Rated Ally . | . . . . . . . . . Total Orders . | . . . . . . . . . Ally Attacks . | . . . . . . . . . Total Damage . | . . . . . . . . . Kills . | . . . . . . . . . Allies Corrupted . | . . . . . . . . . Allies Melted . | . . . . . . . . . Intel | -11 -10 -10 -8 -7 -6 -5 -5 -4 ------- Run | Yrd Mat Sub Mat Fac Fac Fac DSF Fac Robot Analysis Total . | . . . . . . . . . Derelict Logs Recovered 2 | . . 2 . . . . . . Drone Launches . | . . . . . . . . . Drone Recoveries . | . . . . . . . . . Exploration | -11 -10 -10 -8 -7 -6 -5 -5 -4 ------------- Run | Yrd Mat Sub Mat Fac Fac Fac DSF Fac Turns Passed 13189 | 9688 368 1141 656 369 366 162 100 339 Spaces Moved 5063 | 2777 23 892 270 225 372 108 88 308 Core 25 | 8 . . 14 3 . . . . Treads 1 | . . . . 1 . . . . Legs 3344 | 2769 23 305 171 . . . 14 62 Wheels 1137 | . . 587 29 221 246 . 1 53 Hover . | . . . . . . . . . Flight 556 | . . . 56 . 126 108 73 193 Fastest Speed 37 | 50 120 100 37 50 40 37 37 60 Average Speed 108 | 120 120 111 98 104 78 38 51 86 Slowest Speed 160 | 150 120 120 120 160 115 45 120 135 Overloaded Moves . | . . . . . . . . . Propulsion Burnouts . | . . . . . . . . . Robots Hopped 2 | . . . 2 . . . . . Cave-ins Triggered 1 | . . . 1 . . . . . Exploration Rate (%) 36 | 117 5 49 35 8 14 3 81 15 Regions Visited 8 Branch Regions 1 Pre-discovered Areas . | . . . . . . . . . Known Exits Taken 2 | . . . 1 . . 1 . . Unknown Exits Taken 5 | 1 1 1 . 1 1 . . . Scrap Searched 6 | . . 6 . . . . . . Spaces Dug 22 | . 3 . 19 . . . . . Terrain Destroyed 53 | 26 3 . 24 . . . . . Melee 19 | . . . 19 . . . . . Projectile 4 | . 3 . 1 . . . . . AOE 30 | 26 . . 4 . . . . . Terrain Rammed . | . . . . . . . . . Walls Destroyed . | . . . . . . . . . Machines Disabled . | . . . . . . . . . Actions | -11 -10 -10 -8 -7 -6 -5 -5 -4 --------- Run | Yrd Mat Sub Mat Fac Fac Fac DSF Fac Total 12533 | 9090 343 1004 612 344 430 227 137 346 Wait 7173 | 6274 310 65 283 74 31 111 15 10 Move 5050 | 2776 22 891 264 224 371 107 87 308 Hop 2 | . . . 2 . . . . . Pick Up 23 | 9 1 1 1 3 3 2 3 . Fast Attach 61 | 7 . 12 11 11 5 3 6 6 Attach 27 | . . 1 6 6 5 2 2 5 Detach 14 | . . 1 1 7 4 1 . . Swap 9 | 3 1 3 2 . . . . . Drop 28 | 1 1 12 6 5 1 1 1 . Fire 84 | 20 8 18 13 14 10 . . 1 Melee 40 | . . . 22 . . . 2 16 Ram . | . . . . . . . . . Kick 1 | . . . . . . . 1 . Crush . | . . . . . . . . . Escape Stasis 21 | . . . 1 . . . 20 . Rewire . | . . . . . . . . . Trap . | . . . . . . . . . Miscellaneous . | . . . . . . . . . Route ------- -11/Scrapyard -10/Materials (discovered 2 exits: [Mat] / [*Sub]) -10/Subcaves (discovered 2 exits: *Mat x2) -8/Materials (discovered 2 exits: *Fac x2) -7/Factory -6/Factory -5/Factory -5/DSF -4/Factory History --------- Turn | Location | Event 12 | -11/Scrapyard | Discovered new exit (range 16) 1541 | -11/Scrapyard | Assembled infested the area 9689 | -11/Scrapyard | Entered Materials 9690 | -10/Materials | Build established: Mutant 9708 | -10/Materials | Discovered new exit (range 13) 10024 | -10/Materials | Discovered new exit (range 20) 10057 | -10/Materials | Entered Subcaves 10059 | -10/Subcaves | Ambushed by Subdwellers from Twisted Machinery 10212 | -10/Subcaves | Discovered new exit (range 5) 10297 | -10/Subcaves | Ambushed by swarm of Subdwellers 10300 | -10/Subcaves | Ambushed by Subdwellers from Twisted Machinery 10300 | -10/Subcaves | Ambushed by Subdwellers from Twisted Machinery 10650 | -10/Subcaves | Build established: Scavenger-Mutant 10695 | -10/Subcaves | Core integrity fell below 50% 10720 | -10/Subcaves | Lost 3 allies 10776 | -10/Subcaves | Shifting Twisted Machinery released Mak. Sword 10783 | -10/Subcaves | Learned location of 1 exit from Materials 10804 | -10/Subcaves | Shifting Twisted Machinery released Flamer 10824 | -10/Subcaves | Discovered new exit (range 9) 11198 | -10/Subcaves | Entered Materials 11198 | -8/Materials | Evolved 4 slots: Power x1, Propulsion x1, Utility x2 11199 | -8/Materials | Identified exit to Factory 11495 | -8/Materials | Lost 6 parts (2p1n1u2w) 11597 | -8/Materials | Crushed by falling debris 11628 | -8/Materials | Lost 3 parts (1n1u1w) 11844 | -8/Materials | Discovered exit to Factory (range 19) 11848 | -8/Materials | Core integrity fell below 50% 11854 | -8/Materials | Entered Factory 11854 | -7/Factory | Evolved 2 slots: Propulsion x2 11879 | -7/Factory | Lost 5 parts (3n2u) 11887 | -7/Factory | Build established: Mutant 12146 | -7/Factory | System corruption reached 10% 12179 | -7/Factory | Lost 4 parts (1n3u) 12211 | -7/Factory | Discovered new exit (range 11) 12223 | -7/Factory | Entered another Factory area 12223 | -6/Factory | Evolved 2 slots: Propulsion x1, Utility x1 12396 | -6/Factory | Lost 7 parts (3p2n1u1w) 12588 | -6/Factory | Discovered new exit (range 4) 12589 | -6/Factory | Entered another Factory area 12589 | -5/Factory | Evolved 2 slots: Propulsion x1, Utility x1 12751 | -5/Factory | Identified exit to DSF 12751 | -5/Factory | Entered DSF 12773 | -5/DSF | Additional patrols routed to DSF 12811 | -5/DSF | Discovered new exit (range 14) 12851 | -5/DSF | Entered Factory 12851 | -4/Factory | Evolved 2 slots: Utility x1, Weapon x1 12864 | -4/Factory | Lost 4 parts (1p2n1u) 13118 | -4/Factory | Lost 11 parts (8n2u1w) 13159 | -4/Factory | Core integrity fell below 50% 13188 | -4/Factory | Core integrity fell below 20% 13190 | -4/Factory | Destroyed by H-77 Assassin with High-powered Shotgun Last Messages --------------- S-27 Virus destroyed. Slug penetrates Wall. Adv. Medium Treads destroyed. Slug penetrates Wall. Slug penetrates Y-64 Sentinel. Slug penetrates Wall. Penetrated by Slug. Slug penetrates Wall. Slug penetrates Nuclear Reactor. Slug penetrates Wall. Penetrated by Slug. Slug penetrates Wall. VTOL Module destroyed. Penetrated by Slug. Slug penetrates Wall. Wall collapses. Y-64 Sentinel destroyed. U-05 Engineer builds a Wall. Penetrated by Slug. [Achievement: Achiever] Map ----- +----------------------------------------------------+ | | | | | | | ?????????????????????????????????????????????????? | | ?????????????????????????????????????????????????? | | ?????????????????????????????????????????????????? | | ?????????????????????????????????????????????????? | | ?????????????????????????????????????????????????? | | ?????????????????????????????????????????????????? | | ?????????????????????????????????????????????????? | | ?????????????????????????????????????????????????? | | ?????????????????????????????????????????????????? | | ?????????????????????????????????????????????????? | | ?????????????????????????????????????????????????? | | ?????????????????????????????????????????????????? | | ????????????????###+######???????????????????????? | | ????????????????? ^ ????????????????????????? | | ?????????????????# #????????????????????????? | | ? ?????????????# #????????????????????????? | | ???#########?# #????????????????????????? | | ???# #?# #????????????????????????? | | #??# """ #?# ########?????????????????? | | #??# """ #?# # """ #?????????????????? | | #??# """ !#?# # """ #?????????????????? | | #??# #?# # """ #?????????????????? | | #??#+##/###### =%@ s #?????????????????? | | #??# hh/h / #?????????????????? | | #??# h u#s% #?????????????????? | | #??# ##########+###/########?????????????????? | | #??# #????????# #???????????????????????? | | #??# #????????# #???????????????????????? | | ^ #### ########?# #???????????????????????? | | # #???????????????????????? | | # #???????????????????????? | | # ! #???????????????????????? | | ########???????????????????????? | | #??????????????????????????????? | | #### T####### #??????????????????????????????? | | ???####?????? #??????????????????????????????? | | ?????????????? #??????????????????????????????? | | ??????????????? #??????????????????????????????? | | ???????????????? #??????????????????????????????? | | ???????????????? +??????????????????????????????? | | ????????????????? ???????????????????????????????? | | ?????????????????????????????????????????????????? | | ?????????????????????????????????????????????????? | | ?????????????????????????????????????????????????? | | ?????????????????????????????????????????????????? | | ?????????????????????????????????????????????????? | | ?????????????????????????????????????????????????? | +----------------------------------------------------+ Best States ------------- Heat Dissipation 45 Energy Generation 23 Energy Capacity 380 Matter Stores 300 Matter Capacity 300 Sight Range 21 Terrain Scan Range 16 Terrain Scan Density 10 Armor Coverage 375 Resistance: TH 10 Resistance: EM 25 Core Shielding 20 Weapon Shielding 66 Evasion (%) 62 Offensive Hacking 10 Defensive Hacking 10 Item Schematics ----------------- None Robot Schematics ------------------ None Fabricated ------------ Nothing Alien Tech Used ----------------- None Achievements -------------- Achiever GoHome() Challenges ------------ None Game ------ Seed UltimateSlugBuckler Manual? 0 Play Time 01:25:06 Cumulative 34.7 hours Start 2024.10.03 @ 08:56:01 End 2024.10.03 @ 10:23:20 Sessions 1 Manual Loads 0 Difficulty Rogue Special Mode None Game No. 28 Rogue 28 Adventurer 0 Explorer 0 Win Type - Total 0 Types 0/0/0/0/0/0/0/0/0 Lore% 15 Gallery% 25 Achievement% 25 Wizard Run 0 Options --------- Layout 1 ASCII 0 Keyboard 0 Movement Mouse Keybinds 0 Fullscreen 1 Font 24/Smallcaps Map View 50x35 Zoom Use 0% Tactical HUD 0 Map Filters NONE Filters NONE Steam 1 RUN: d31e0058-c6d2-45ca-9d22-7eb67966bd08